 Dungeon Crawl Stone Soup version 0.27.1-2-g3b301248ec (webtiles) character file.

Game seed: 10721379772920317172

968 szrap the Cudgeller (level 8, -3/49 HPs)
             Began as a Gargoyle Fighter on Sept 24, 2021.
             Was a Follower of Okawaru.
             Slain by a wight (7 damage)
             ... on level 6 of the Dungeon on Sept 27, 2021.
             The game lasted 00:08:03 (5218 turns).

szrap the Cudgeller (Gargoyle Fighter)              Turns: 5218, Time: 00:08:06

Health: -3/49      AC: 14    Str: 22    XL:     8   Next: 16%
Magic:  9/9        EV:  8    Int:  9    God:    Okawaru [*.....]
Gold:   237        SH: 11    Dex:  9    Spells: 7/7 levels left

rFire    . . .     SeeInvis .   f - +2 mace (venom)
rCold    . . .     Faith    .   c - +2 kite shield
rNeg     + . .     Spirit   .   b - +0 scale mail
rPois    ∞         Reflect  .   (no helmet)
rElec    +         Harm     .   (no cloak)
rCorr    .         Rampage  .   (no gloves)
Will     .....                  j - +0 pair of boots
Stlth    ..........             (no amulet)
HPRegen  0.16/turn              (no ring)
MPRegen  0.11/turn              (no ring)

@: no status effects
A: sickness immunity, AC +5, negative energy resistance 1, electricity
resistance, torment resistance 1, petrification resistance
a: Renounce Religion, Heroism


You were on level 6 of the Dungeon.
You worshipped Okawaru.
Okawaru was aware of your devotion.
You visited 2 branches of the dungeon, and saw 7 of its levels.

You collected 237 gold pieces.

Inventory:

Hand Weapons
 a - a +1 flail
 f - a +2 mace of venom (weapon)
Armour
 b - a +0 scale mail (worn)
 c - a +2 kite shield (worn)
 j - a +0 pair of boots (worn)
Scrolls
 g - 2 scrolls of fog
 k - 2 scrolls of teleportation
Potions
 d - 2 potions of flight
 e - 2 potions of curing
 h - a potion of magic
 i - a potion of brilliance
 l - a potion of cancellation {unknown}


   Skills:
 * Level 5.0 Fighting
 * Level 6.2 Maces & Flails
 + Level 4.6 Armour
 * Level 2.3 Dodging
 + Level 4.6 Shields
 * Level 2.4 Invocations


You had 7 spell levels left.
You didn't know any spells.
Your spell library was empty.

Dungeon Overview and Level Annotations

Branches:
Dungeon (6/15)             Temple (1/1) D:4

Altars:
Ashenzari
Dithmenos
Elyvilon
Gozag
Kikubaaqudgha
Nemelex Xobeh
Okawaru
Qazlal
Ru
Sif Muna
Trog
Uskayaw
Wu Jian
Xom
Yredelemnul
The Shining One

Shops:
D:5 *


Innate Abilities, Weirdness & Mutations

You are immune to sickness and miasma.
Your stone body is resilient. (AC +5)
You are immune to poison.
You resist negative energy. (rN+)
You are resistant to electric shocks. (rElec)
You are resistant to unholy torment.
You are immune to petrification.


Message History

The wight freezes you. The wight hits you but does no damage.
You hit the wight but do no damage.
The wight is lightly damaged.
You block the wight's attack.
You hit the wight but do no damage.
The wight is lightly damaged.
The wight closely misses you.
Your shield and scale mail prevent you from hitting the wight.
The wight is lightly damaged.
You block the wight's attack. The wight closely misses you.
You hit the wight.
The wight is lightly damaged.
The wight barely misses you.
You completely miss the wight.
The wight is lightly damaged.
The wight hits you with a +2 halberd of freezing.
The wight freezes you.
You hit the wight but do no damage.
The wight is lightly damaged.
The wight hits you with a +2 halberd of freezing.
The wight freezes you.
The wight hits you with a +2 halberd of freezing.
The wight freezes you.
You barely miss the wight.
The wight is lightly damaged.
The wight hits you but does no damage.
You barely miss the wight.
The wight is lightly damaged.
The wight hits you with a +2 halberd of freezing!
* * * LOW HITPOINT WARNING * * *
The wight freezes you.
* * * LOW HITPOINT WARNING * * *
You thump the wight!
The wight is heavily damaged.
The wight hits you with a +2 halberd of freezing.
* * * LOW HITPOINT WARNING * * *
The wight freezes you.
* * * LOW HITPOINT WARNING * * *
The wight hits you with a +2 halberd of freezing!
You die...

........###......####
.....................
.......###.......###
.....<.###.......#
.................#
.......#.##......#######.
...........>.............
.......#..######.#####...
......###.# #@#####.#
.##.#.# #.. #z......#
....... .#.# ##......#
##.#. . .# #.###.... #.
#. .. ..# #.. .. .. .## #
.. .z ...


You could see a wight.

Vanquished Creatures
  Grinder (D:4)
  A necrophage (D:6)
  A centaur (D:5)
  2 scorpions
  A water moccasin skeleton (D:4)
  A wight (D:6)
  2 howler monkeys
  2 hounds
  An orc priest (D:5)
  2 iguanas
  An orc wizard (D:3)
  A hound skeleton (D:4)
  4 adders
  A worm (D:3)
  5 dart slugs
  12 orcs
  5 bats
  4 endoplasms
  4 giant cockroaches
  6 goblins
  3 hobgoblins
  5 kobolds
  6 quokkas
  13 ball pythons
  4 frilled lizards
88 creatures vanquished.

Notes
Turn   | Place    | Note
-------+----------+-------------------------------------------
     0 | D:1      | szrap the Gargoyle Fighter began the quest for the Orb.
     0 | D:1      | Reached XP level 1. HP: 14/14 MP: 1/1
   468 | D:1      | Found a faded altar of an unknown god.
   472 | D:1      | Reached XP level 2. HP: 19/19 MP: 2/2
  1094 | D:2      | Reached XP level 3. HP: 23/23 MP: 3/3
  1174 | D:2      | Reached skill level 3 in Maces & Flails
  1174 | D:2      | Reached XP level 4. HP: 9/28 MP: 4/4
  1591 | D:2      | Reached skill level 1 in Dodging
  2175 | D:3      | Reached XP level 5. HP: 33/33 MP: 5/5
  2403 | D:3      | Found a shimmering blue altar of Sif Muna.
  3170 | D:4      | Found a staircase to the Ecumenical Temple.
  3177 | Temple   | Entered the Ecumenical Temple
  3275 | Temple   | Became a worshipper of Warmaster Okawaru
  3315 | D:4      | Reached skill level 4 in Maces & Flails
  3448 | D:4      | Noticed Grinder
  3462 | D:4      | Reached XP level 6. HP: 38/38 MP: 6/6
  3466 | D:4      | Paralysed by Grinder for 7 turns
  3481 | D:4      | Killed Grinder
  3482 | D:4      | Reached skill level 1 in Invocations
  3689 | D:4      | Reached XP level 7. HP: 44/44 MP: 8/8
  3940 | D:4      | Reached skill level 5 in Maces & Flails
  3965 | D:4      | Found a glowing golden altar of the Shining One.
  4058 | D:4      | Reached * piety under Okawaru
  4279 | D:5      | Entered Level 5 of the Dungeon
  4297 | D:5      | Found Boineergh's Assorted Antiques.
  4934 | D:5      | Found a sparkling altar of Nemelex Xobeh.
  4994 | D:5      | Found a white marble altar of Elyvilon.
  5003 | D:5      | Reached skill level 6 in Maces & Flails
  5003 | D:5      | Reached XP level 8. HP: 48/48 MP: 9/9
  5177 | D:6      | Reached skill level 5 in Fighting
  5218 | D:6      | Slain by a wight

Illustrated notes

Levels and vault maps discovered:
D:1:      grunt_arrival_lava_bath, layout_basic,
          hellmonk_ecumenical_altar_zigzags
D:2:      layout_basic, minmay_misc_feat_plants
D:3:      layout_basic, kennysheep_orc_sif_temple
D:4:      layout_basic, lemuel_doored_altar, minmay_temple_entry_arrows,
          uniq_grinder
D:5:      layout_basic, lemuel_round_altar, mainiacjoe_overflow_small_starburst,
          serial_shops, nicolae_shop_trees
D:6:      layout_rooms, hangedman_decor_points
Temple:   hc_temple_tempest_star

Skill      XL: |  1  2  3  4  5  6  7  8 |
---------------+-------------------------+-----
Maces & Flails | 3 4 6 |  6.2
Dodging        | 1 2 |  2.3
Fighting       | 4 5 |  5.0
Armour         | 4 |  4.6
Shields        | 4 |  4.6
Invocations    | 1 2 |  2.4

Action                   |  1- 3 |  4- 6 |  7- 9 || total
-------------------------+-------+-------+-------++-------
Melee: Flail             |    64 |    25 |       ||    89
       Mace              |       |    93 |    75 ||   168
  Use: Scroll            |     2 |     5 |     6 ||    13
       Potion            |     1 |     1 |       ||     2
Armor: Scale mail        |    37 |    56 |    34 ||   127
Dodge: Dodged            |    18 |    29 |    19 ||    66
Block: Kite shield       |    28 |    62 |    37 ||   127
